 Dungeon Crawl Stone Soup version 0.30-a0-1082-g70414cbcbb (webtiles) character file.

Game seed: 13894032533593897242

4 cforsyth the Caller (level 1, -2/11 HPs)
             Began as an Octopode Summoner on Apr 15, 2023.
             Slain by a kobold
             ... wielding a +2 vampiric short sword
              (3 damage)
             ... on level 1 of the Dungeon.
             The game lasted 00:00:29 (203 turns).

cforsyth the Caller (Octopode Summoner)              Turns: 203, Time: 00:00:30

Health: -2/11      AC:  1    Str:  7    XL:     1   Next: 60%
Magic:  0/3        EV: 13    Int: 17    God:
Gold:   8          SH:  0    Dex: 12    Spells: 3/4 levels left

rFire   . . .      SeeInvis .    (no weapon)
rCold   . . .      Faith    .    (no shield)
rNeg    . . .      Spirit   .    (helmet restricted)
rPois   .          Reflect  .    (no amulet)
rElec   .          Rampage  .    (no ring)
rCorr   .                        (no ring)
Will    .....                    (no ring)
Stlth   +++                      (no ring)
HPRegen 0.21/turn                (no ring)
MPRegen 0.08/turn                (no ring)
                                 (no ring)
                                 (no ring)

@: very slightly contaminated
A: almost no armour, amphibious, 8 rings, camouflage 1, gelatinous body 1,
(nimble swimmer 1), tentacles
a: no special abilities


You were on level 1 of the Dungeon.
You visited 1 branch of the dungeon, and saw 1 of its levels.

You collected 8 gold pieces.

Inventory:

Potions
 a - a potion of magic


   Skills:
 - Level 2.0 Dodging
 - Level 2.6 Stealth
 + Level 2.1 Spellcasting
 + Level 4.1 Summonings


You had 3 spell levels left.
You knew the following spells:

 Your Spells              Type           Power      Damage    Failure   Level
a - Summon Small Mammal   Summ           60%        N/A       3%          1

Your spell library contained the following spells:

 Spells                   Type           Power      Damage    Failure   Level
 Call Imp                 Summ           30%        N/A       5%          2
 Call Canine Familiar     Summ           15%        N/A       11%         3
 Summon Guardian Golem    Hex/Summ       8%         N/A       24%         3
 Summon Lightning Spire   Summ/Air       8%         N/A       63%         4


Dungeon Overview and Level Annotations

Branches:
Dungeon (1/15)

Altars:


Innate Abilities, Weirdness & Mutations

You cannot wear most types of armour.
You are amphibious.
You can wear up to eight rings at the same time.
Your skin changes colour to match your surroundings (Stealth+).
Your rubbery body absorbs attacks. (AC +1, EV +1)
((You are camouflaged when in or above water. (Stealth+)))
You have tentacles for arms and can constrict up to eight enemies at once.


Message History

You constrict the goblin, but do no damage.
Your bat hits the goblin. x2
The goblin dies!
The kobold throws a stone.
The stone hits you but does no damage.
The giant cockroach completely misses you.
Your rat closely misses the kobold.
The kobold hits you with a +2 vampiric short sword.
You closely miss the kobold. Your grab misses the kobold.
Your bat hits the kobold. The giant cockroach barely misses you.
The kobold hits you with a +0 dagger.
Your rat closely misses the kobold.
The kobold barely misses you.
You tentacle-slap the kobold but do no damage.
Your grab misses the kobold. You squeeze the kobold.
You kill the kobold!
Your bat hits the giant cockroach but does no damage.
The giant cockroach closely misses you. The giant cockroach misses you.
The kobold hits you with a +2 vampiric short sword.
* * * LOW HITPOINT WARNING * * *
You are too injured to fight recklessly!
The giant cockroach bites your rat.
Your rat dies!
Your rat's corpse disappears in a puff of smoke!
Your bat misses the giant cockroach.
Unknown command.
Casting: Summon Small Mammal (safe; 3% risk of failure)
Confirm with . or Enter, or press ? or * to list all spells.
You miscast Summon Small Mammal.
You are very lightly contaminated with residual magic.
Nothing appears to happen.
Your bat hits the giant cockroach.
Your bat hits the giant cockroach but does no damage.
The kobold closely misses you.
Unknown command.
Unknown command.
Casting: Summon Small Mammal (safe; 3% risk of failure)
Confirm with . or Enter, or press ? or * to list all spells.
You don't have enough magic to cast this spell.
Unknown command.
The kobold attacks as you move away!
The kobold hits you with a +2 vampiric short sword.
You die...

..#..# #......
.#..#..## #...#..#
.........
#...#.##.##.......
#...#.##.##........
#####...#.....§.§$.....
...........# #...##....
...........# #BK.b.....
...........###.@.......
#####...###...#......#.
##...########.......
#.....# ....### ##...##
#.#.# #...##### .#.#
####.##.... .#.. .
#.......# .###.##
#.##..#†#### .###.#


You could see a giant cockroach (ally target), a kobold and a friendly bat
(summoned).

Vanquished Creatures
  A kobold (D:1)
1 creature vanquished.

Vanquished Creatures (collateral kills)
  A goblin (D:1)
  A kobold (D:1)
  A rat (D:1)
3 creatures vanquished.

Grand Total: 4 creatures vanquished

Notes
Turn   | Place    | Note
-------+----------+-------------------------------------------
     0 | D:1      | cforsyth the Octopode Summoner began the quest for the Orb.
     0 | D:1      | Reached XP level 1. HP: 11/11 MP: 3/3
   203 | D:1      | Slain by a kobold

Illustrated notes

Levels and vault maps discovered:
D:1:      dpeg_arrival_erosion, layout_loops_cross,
          shapermc_ecumenical_altar_venn, nicolae_grassy_gnolls

Action                     || total
---------------------------++-------
  Melee: Unarmed           ||    10
         Constrict         ||     2
         Tentacles         ||     2
   Cast: Summon Small Mamm ||     5
 Armour: Skin              ||     1
  Dodge: Dodged            ||    10

Table legend: (Time is in decaauts)
 A = Elapsed time spent in this place.
 B = Non-inter-level travel time spent in this place.
 C = Inter-level travel time spent in this place.
 D = Time resting spent in this place.
 E = Time spent auto-exploring this place.
 F = Levels seen in this place.
 G = Mean time per level.
                   A        B        C        D        E       F      G
               +--------+--------+--------+--------+--------+-----+--------+
         Total |    203 |    203 |      0 |      0 |    163 |   1 |  203.0 |
       Dungeon |    203 |    203 |      0 |      0 |    163 |   1 |  203.0 |
               +--------+--------+--------+--------+--------+-----+--------+

Top non-repeatable levels by time:
     D:1: 203 daAuts
